 Dungeon Crawl Stone Soup version 0.27.1-33-g824d729ab1 (webtiles) character file.

Game seed: 13395519611368418453

6891 pkoi the Martial Artist (level 10, -4/78 HPs)
             Began as a Yellow Draconian Monk on Dec 13, 2021.
             Was an Elder of the Shining One.
             Slain by an unseen horror (9 damage)
             ... on level 10 of the Dungeon.
             The game lasted 00:16:31 (14170 turns).

pkoi the Martial Artist (Yellow Draconian Monk)    Turns: 14170, Time: 00:16:32

Health: -4/78      AC: 15    Str: 13    XL:     10   Next: 79%
Magic:  16/16      EV: 18    Int: 13    God:    the Shining One [****..]
Gold:   481        SH:  0    Dex: 15    Spells: 3/17 levels left

rFire    + . .     SeeInvis .   l - +2 short sword (venom)
rCold    + . .     Faith    .   (no shield)
rNeg     + + .     Spirit   .   (armour unavailable)
rPois    +         Reflect  .   (helmet restricted)
rElec    +         Harm     .   C - +0 cloak
rCorr    +         Rampage  .   B - +2 pair of gloves
Will     .....                  (no boots)
Stlth    +.........             E - amulet of regeneration
HPRegen  1.23/turn              t - +4 ring of evasion
MPRegen  0.15/turn              y - +4 ring of protection

@: about to teleport, resistant, marked, glowing
A: spit acid, AC +7, unfitting armour, cold-blooded, acid resistance
a: Breathe Acid, Renounce Religion, Divine Shield, Cleansing Flame


You were on level 10 of the Dungeon.
You worshipped the Shining One.
The Shining One was greatly pleased with you.
You visited 2 branches of the dungeon, and saw 11 of its levels.
You also visited: Sewer.

You collected 537 gold pieces.
You spent 56 gold pieces at shops.

Inventory:

Hand Weapons
 l - a +2 short sword of venom (weapon)
 F - a +5 dagger
Missiles
 h - 2 curare-tipped darts
Armour
 B - a +2 pair of gloves (worn)
 C - a +0 cloak (worn)
Jewellery
 m - an amulet of magic regeneration
 t - a +4 ring of evasion (left hand)
 y - a +4 ring of protection (right hand)
 z - a ring of magical power
 E - an amulet of regeneration (around neck)
Wands
 j - a wand of flame (11)
 r - a wand of polymorph (12)
 A - a wand of iceblast (18)
Scrolls
 a - 2 scrolls of fear
 f - a scroll of summoning
 g - a scroll of magic mapping
 k - 3 scrolls of fog
 n - 3 scrolls of identify
 p - 3 scrolls of teleportation
 q - a scroll of enchant weapon
 s - a scroll of enchant armour
Potions
 d - a potion of magic
 o - 4 potions of flight
 u - 2 potions of resistance
 v - 6 potions of curing
 w - a potion of brilliance
 D - a potion of ambrosia


   Skills:
 - Level 4.0 Fighting
 - Level 5.8 Dodging
 - Level 1.7 Stealth
 + Level 11.2 Unarmed Combat
 - Level 4.0 Spellcasting
 - Level 4.0 Hexes
 - Level 4.9 Translocations
 + Level 6.2 Transmutations
 - Level 3.3 Poison Magic


You had 3 spell levels left.
You knew the following spells:

 Your Spells              Type           Power      Damage    Failure   Level
a - Apportation           Tloc           30%        N/A       2%          1
b - Alistair's Intoxicat  Tmut/Pois      9%         N/A       63%         5
c - Blade Hands           Tmut           9%         N/A       41%         5
d - Confusing Touch       Hex            13%        N/A       12%         3

Your spell library contained the following spells:

 Spells                   Type           Power      Damage    Failure   Level
 Slow                     Hex            13%        N/A       6%          2
 Portal Projectile        Hex/Tloc       28%        N/A       10%         3
 Poisonous Vapours        Pois/Air       12%        N/A       16%         2
 Corpse Rot               Necr/Air       N/A        N/A       30%         2
 Ozocubu's Armour         Ice            2%         N/A       52%         3
 Vampiric Draining        Necr           1%         2d6       52%         3
 Iskenderun's Mystic Bla  Conj/Tloc      9%         2d4       58%         4
 Fulminant Prism          Conj/Hex       3%         3d6       65%         4
 Metabolic Englaciation   Hex/Ice        3%         N/A       94%         5
 Excruciating Wounds      Necr           1%         N/A       99%         5
 Freezing Cloud           Conj/Ice/Air   1%         6-21      99%         5
 Lee's Rapid Deconstruct  Erth           1%         3d5*      99%         5
 Invisibility             Hex            6%         N/A       99%         6
 Simulacrum               Ice/Necr       1%         N/A       100%        6


Dungeon Overview and Level Annotations

Branches:
Dungeon (10/15)            Temple (1/1) D:4           Sewer (visited)
   Lair: D:8-11         Orc: D:9-12

Altars:
Ashenzari
Cheibriados
Dithmenos
Elyvilon
Fedhas
Gozag
Hepliaklqana
Kikubaaqudgha
Makhleb
Nemelex Xobeh
Okawaru
Qazlal
Ru
Sif Muna
Trog
Uskayaw
Vehumet
Wu Jian
Xom
Yredelemnul
Zin
The Shining One

Shops:
D:7 *   D:8 ***


Innate Abilities, Weirdness & Mutations

You can spit globs of acid.
Your golden yellow scales are hard. (AC +7)
You cannot fit into any form of body armour.
You are cold-blooded and may be slowed by cold attacks.
You are resistant to acid. (rCorr)


Message History

The centaur warrior hits you but does no damage.
The centaur warrior barely misses you.
An orc wizard comes into view.
It is wielding a +0 dagger of electrocution.
The ogre mage gestures at you while chanting.
You suddenly lose the ability to move!
The howler monkey zombie hits you but does no damage.
The centaur warrior hits you!
* * * LOW HITPOINT WARNING * * *
The centaur warrior kicks you but does no damage.
The centaur warrior hits you but does no damage.
The centaur warrior kicks you but does no damage.
The howler monkey zombie hits you but does no damage.
Your surroundings suddenly seem different. 4 hounds, a killer bee, 3 gnolls, 5 kobolds, 2 orcs, a centaur warrior, an ettin and a howler monkey come into view.
A kobold brigand is wielding a +0 club and quivering poisoned darts.
A kobold brigand is wielding a +0 dagger and quivering curare-tipped darts.
A kobold is wielding a +0 short sword and quivering poisoned darts.
The unseen horror hits you.
* * * LOW HITPOINT WARNING * * *
A kobold brigand comes into view.
It is wielding a +0 dagger and quivering curare-tipped darts.
The unseen horror hits you but does no damage. x2
The kobold brigand hits you but does no damage.
The unseen horror hits you!
* * * LOW HITPOINT WARNING * * *
The gnoll barely misses you.
The unseen horror hits you but does no damage.
The unseen horror barely misses you.
The kobold brigand hits you but does no damage.
The unseen horror hits you but does no damage.
The orc wizard hits you but does no damage.
The gnoll barely misses you.
You can move again.
Unknown command.
As you read the scroll of teleportation, it crumbles to dust.
You feel strangely unstable. The unseen horror barely misses you. x2
The vampire mosquito closely misses you.
The fire elemental hits you. The fire elemental burns you! You resist.
* * * LOW HITPOINT WARNING * * *
The kobold brigand closely misses you.
The howler monkey hoots and howls with incredible vigour!
The unseen horror hits you!
You die...

#....##y#...##
###.. ####...#.#
##. ##.....#### #.
#......#..# ..
..........# # ..
#.....T....#.## ..
...#..........#
........y......#E
.......Cyx@E○○.E○.
......oKghh○...
......hchKoK○..
........h.K....
.......gK.g....
...........K...
..........c....
h#########.####
#Z.O#


You could see an ettin, 2 centaur warriors, a troll, an unseen horror
(invisible, very poisoned), 3 fire elementals, an orc warrior, a vampire
mosquito, 3 kobold brigands, 2 howler monkeys, 2 hounds, a killer bee, an orc
wizard, 3 gnolls, 2 jackals and 3 kobolds.

Vanquished Creatures
  Erolcha (D:9)
  A two-headed ogre (D:9)
  A wizard (D:10)
  Pikel (D:9)
  Maurice (D:8)
  A troll (D:10)
  2 hornets (D:8)
  Sigmund (D:2)
  A vampire (D:9)
  A wyvern (D:8)
  A wraith (D:7)
  An acid dragon (D:8)
  5 water moccasins
  An orc warrior (D:9)
  2 black bears
  2 ogres (D:5)
  A phantom (D:4)
  3 lemures (D:9)
  6 kobold brigands
  4 bullfrogs
  3 scorpions
  A gnoll sergeant (D:7)
  A killer bee (D:9)
  6 wights
  3 howler monkeys
  A hound (D:5)
  Natasha (thrice) (D:4 Temple)
  3 iguanas
  8 orc wizards
  A hound skeleton (D:5)
  Robin (D:2)
  7 gnolls
  6 adders
  A shadow imp (D:4)
  3 white imps
  An adder skeleton (D:4)
  4 worms
  2 dart slugs
  17 orcs
  6 bats
  A bat zombie (D:9)
  5 endoplasms
  3 giant cockroaches
  14 goblins
  8 hobgoblins
  8 jackals
  34 kobolds
  6 quokkas
  12 ball pythons
  A frilled lizard (D:1)
  5 rats
212 creatures vanquished.

Vanquished Creatures (others)
  A wizard (D:3)
  6 plants (D:1)
7 creatures vanquished.

Grand Total: 219 creatures vanquished

Notes
Turn   | Place    | Note
-------+----------+-------------------------------------------
     0 | D:1      | pkoi the Draconian Monk began the quest for the Orb.
     0 | D:1      | Reached XP level 1. HP: 19/19 MP: 1/1
    90 | D:1      | Reached XP level 2. HP: 26/26 MP: 2/2
   393 | D:1      | Reached skill level 4 in Unarmed Combat
   529 | D:1      | Found a faded altar of an unknown god.
   757 | D:1      | Reached XP level 3. HP: 27/31 MP: 3/3
  1333 | D:2      | Noticed Sigmund
  1961 | D:2      | Reached XP level 4. HP: 32/38 MP: 4/4
  2016 | D:3      | Reached skill level 5 in Unarmed Combat
  2490 | D:3      | Found a bloodstained altar of Trog.
  2491 | D:3      | Noticed a wizard
  2496 | D:3      | Killed a wizard
  3009 | D:4      | Found a hide-covered altar of Uskayaw.
  3025 | D:4      | Noticed Natasha
  3027 | D:4      | Identified the +3 ring mail of Baldness {rC+}
  3034 | D:4      | Killed Natasha
  3035 | D:4      | Reached XP level 5. HP: 40/45 MP: 5/5
  3084 | D:4      | Noticed Natasha
  3170 | D:4      | Found a glowing drain.
  3224 | Sewer    | Entered a sewer
  3612 | Sewer    | Reached skill level 6 in Unarmed Combat
  4507 | Sewer    | Reached skill level 7 in Unarmed Combat
  4507 | Sewer    | Reached XP level 6. HP: 21/51 MP: 6/6
  5278 | D:4      | Found a transporter.
  5278 | D:4      | Found a snail-covered altar of Cheibriados.
  5360 | D:4      | Found a staircase to the Ecumenical Temple.
  5449 | Temple   | Entered the Ecumenical Temple
  5682 | Temple   | Became a worshipper of the Shining One
  5682 | Temple   | Reached * piety under the Shining One
  5682 | Temple   | Reached ** piety under the Shining One
  5770 | D:4      | Found a transporter.
  5795 | D:4      | Found a stormy altar of Qazlal.
  5796 | D:4      | Noticed a water elemental
  5796 | D:4      | Noticed a fire elemental
  5796 | D:4      | Noticed an air elemental
  6191 | D:4      | Reached skill level 8 in Unarmed Combat
  6191 | D:4      | Your scales start taking on a golden yellow colour.
  6191 | D:4      | Reached XP level 7. HP: 32/57 MP: 7/7
  6191 | D:4      | Gained mutation: You are resistant to acid. (rCorr) [Yellow
                  | Draconian growth]
  6475 | D:4      | Killed Natasha
  6527 | D:4      | Found a shimmering blue altar of Sif Muna.
  6620 | D:2      | Killed Sigmund
  7066 | D:2      | Noticed Robin
  7088 | D:2      | Killed Robin
  7709 | D:4      | Learned a level 1 spell: Apportation
  7714 | D:5      | Entered Level 5 of the Dungeon
  7956 | D:5      | Reached skill level 1 in Translocations
  8039 | D:4      | Noticed Natasha
  8086 | Temple   | Killed Natasha
  8162 | D:5      | Reached XP level 8. HP: 17/66 MP: 8/8
  8606 | D:5      | Found a shimmering altar of Xom.
  8651 | D:5      | Noticed an Executioner
  8652 | D:5      | Found a burning altar of Makhleb.
  8657 | D:5      | Found a glowing silver altar of Zin.
  8657 | D:5      | Noticed an angel
  8722 | D:5      | Reached skill level 9 in Unarmed Combat
  8807 | D:5      | Found an iron altar of Okawaru.
  8926 | D:6      | Reached skill level 1 in Spellcasting
  9758 | D:6      | Learned a level 5 spell: Alistair's Intoxication
  9891 | D:6      | Found a broken altar of Ashenzari.
 10201 | D:7      | Reached skill level 5 in Dodging
 10201 | D:7      | Reached skill level 1 in Transmutations
 10298 | D:7      | Reached skill level 1 in Poison Magic
 10298 | D:7      | Reached XP level 9. HP: 71/71 MP: 12/12
 10884 | D:7      | Reached *** piety under the Shining One
 11098 | D:7      | Found Egutuaq's General Store.
 11377 | D:8      | Found Cuoqist's Serpentskin Sales.
 11394 | D:8      | Noticed Maurice
 11416 | D:8      | Killed Maurice
 11539 | D:8      | Found a basalt altar of Yredelemnul.
 11542 | D:8      | Found a radiant altar of Vehumet.
 11877 | D:8      | Reached skill level 10 in Unarmed Combat
 12182 | D:8      | Found Zoturu's General Store.
 12185 | D:8      | Found Quemui's Specific Store.
 12193 | D:8      | Bought a scroll of identify for 28 gold pieces
 12193 | D:8      | Bought a scroll of identify for 28 gold pieces
 12298 | D:8      | Learned a level 5 spell: Blade Hands
 12392 | D:9      | Reached XP level 10. HP: 58/78 MP: 16/16
 12849 | D:9      | Learned a level 3 spell: Confusing Touch
 12849 | D:9      | Noticed Erolcha
 12857 | D:9      | Killed Erolcha
 12858 | D:9      | Reached skill level 1 in Hexes
 13051 | D:9      | Noticed a two-headed ogre
 13131 | D:9      | Found an ancient bone altar of Kikubaaqudgha.
 13223 | D:9      | Noticed Pikel
 13447 | D:9      | Killed Pikel
 13448 | D:9      | Reached skill level 5 in Transmutations
 13480 | D:9      | Killed a two-headed ogre
 13554 | D:10     | Entered Level 10 of the Dungeon
 13565 | D:10     | Reached skill level 11 in Unarmed Combat
 14026 | D:10     | Reached **** piety under the Shining One
 14085 | D:10     | Noticed a wizard
 14091 | D:10     | Noticed a deep elf pyromancer
 14097 | D:10     | Killed a wizard
 14163 | D:10     | Noticed a skeletal warrior
 14163 | D:10     | Noticed an orc knight
 14165 | D:10     | Noticed an ogre mage
 14165 | D:10     | Noticed a centaur warrior
 14165 | D:10     | Paralysed by an ogre mage for 5 turns
 14167 | D:10     | Noticed an ettin
 14167 | D:10     | Noticed a centaur warrior
 14170 | D:10     | Slain by an unseen horror

Illustrated notes

Levels and vault maps discovered:
D:1:      lightli_arrival_farm, layout_loops_cross,
          hellmonk_ecumenical_altar_heavens_door, due_unseen_surprise
D:2:      layout_loops_corners, uniq_robin, uniq_sigmund
D:3:      layout_loops_cross, trog_wizard, kennysheep_generic_room_14
D:4:      minmay_angry_zag, layout_gridville, nicolae_sif_muna_little_library,
          mainiacjoe_overflow_paths, nicolae_qazlal_style_of_elements,
          gammafunk_temple_overflow_arena, minmay_temple_entry_gardened_gates,
          portal_sewer_entry_f, uniq_natasha
D:5:      layout_rooms, general_overflow_altar, okawaru_metal_pillars_1_2,
          grunt_temple_overflow_order_and_chaos_2, kennysheep_generic_room_4
D:6:      layout_rooms, nicolae_ashenzari_panopticon
D:7:      layout_loops_corners, minmay_shop_grid_forest,
          hangedman_decor_slide_cut
D:8:      layout_loops_corners, grunt_temple_overflow_open, chequers_arboretum,
          nicolae_specific_store, guppyfry_shop_venom, uniq_maurice
D:9:      layout_basic, lemuel_zombie_altar_kikubaaqudgha,
          palyth_stone_intersect, serial_bayou_pond_b, uniq_erolcha, uniq_pikel
D:10:     minmay_the_grid_3x3 [minmay_the_grid_slots,
          minmay_the_grid_minigrid_small, minmay_the_grid_x,
          minmay_the_grid_odd_star, minmay_the_grid_minigrid_small_alt,
          minmay_the_grid_eight, minmay_the_grid_diamond_grid,
          minmay_the_grid_mess, minmay_the_grid_prize_four_corners_diamond_a],
          layout_cave_pools, serial_gnoll_camp, gnoll_camp_mini_house,
          gnoll_camp_mini_shop, gnoll_camp_mini_doghouse,
          bh_hangedman_babel_library, uniq_gastronok
Temple:   jpeg_temple_island

Skill      XL: |  1  2  3  4  5  6  7  8  9 10 |
---------------+-------------------------------+-----
Unarmed Combat | 4 5 7 8 9 10 11 | 11.2
Dodging        | 4 5 |  5.8
Fighting       | 4 |  4.0
Translocations | 2 3 4 |  4.9
Spellcasting   | 2 4 |  4.0
Transmutations | 1 3 6 |  6.2
Poison Magic   | 1 3 |  3.3
Hexes          | 4 |  4.0
Stealth        | |  1.7

Action                   |  1- 3 |  4- 6 |  7- 9 | 10-12 || total
-------------------------+-------+-------+-------+-------++-------
Melee: Unarmed           |   137 |    99 |   380 |   158 ||   774
       Tailslap          |    18 |    33 |    33 |    11 ||    95
       Punch             |     2 |     6 |    15 |     6 ||    29
       Short sword       |       |   114 |       |    13 ||   127
       Dagger            |       |    98 |       |       ||    98
Invok: Divine Shield     |       |       |     1 |       ||     1
 Abil: Breathe Acid      |       |       |     3 |     7 ||    10
  Use: Potion            |     5 |     1 |     2 |     2 ||    10
       Scroll            |     2 |     6 |     8 |     4 ||    20
 Stab: Sleeping          |     1 |     6 |       |       ||     7
Armor: Skin              |    24 |    66 |   103 |    66 ||   259
Dodge: Dodged            |    77 |   179 |   276 |   153 ||   685
Block: Other             |       |       |     2 |       ||     2
